Map: Romanticide LE

Players

Antis

  • Race: Zerg Zerg

DisK - Winner!

  • Race: Protoss Protoss

VOD

Have the link to the VOD?

Description

Time

  • Played on: Oct. 5, 2021, 4:03 p.m.
  • Length: 22:35
Show
View Real Time Build Order
Export as new Build Order

Antis Zerg 

Build Orders: Hatch First, Lurkers 

Get SALT Encoding   

  12  0:00  Drone  
  13  0:12  Overlord  
  13  0:18  Drone  
  14  0:30  Drone x2  
  16  0:47  Hatchery  
  15  0:51  Drone  
  15  0:54  Drone  
  17  0:58  Drone  
  18  1:07  Extractor  
  17  1:13  Spawning Pool  
  17  1:17  Drone  
  17  1:19  Drone  
  18  1:27  Drone  
  19  1:41  Drone  
  20  1:49  Overlord  
  20  1:59  Queen x2  
  24  2:04  Zergling x4  
  26  2:10  Drone  
  26  2:12  Metabolic Boost  
  26  2:14  Drone  
  28  2:21  Drone  
  29  2:23  Drone  
  30  2:39  Drone x2  
  30  2:41  Hatchery  
  31  2:46  Queen  
  31  2:51  Overlord  
  33  2:56  Drone x2  
  35  3:00  Drone  
  36  3:07  Overlord  
  36  3:09  Drone x2  
  40  3:12  Drone x2  
  40  3:20  Queen  
  40  3:24  Overlord  
  40  3:25  Drone x2  
  44  3:34  Spore Crawler  
  44  3:35  Spore Crawler  
  44  3:36  Drone  
  44  3:40  Queen  
  45  3:42  Zergling x4  
  45  3:45  Drone  
  49  3:48  Drone x2  
  50  3:56  Drone x5  
  55  4:04  Spore Crawler  
  55  4:05  Drone x3  
  55  4:09  Overlord  
  56  4:15  Spore Crawler  
  56  4:17  Drone  
  56  4:18  Drone x2  
  56  4:21  Drone x3  
  61  4:25  Zergling x6  
  61  4:28  Drone  
  61  4:29  Drone  
  66  4:31  Queen  
  66  4:36  Evolution Chamber  
  66  4:38  Drone x2  
  69  4:41  Overlord  
  69  4:42  Overlord  
  69  4:45  Lair  
  69  4:46  Extractor  
  66  4:56  Drone  
  66  4:59  Drone  
  65  5:00  Drone x8  
  65  5:03  Zerg Melee Weapons Level 1  
  73  5:20  Hatchery  
  71  5:26  Hatchery  
  71  5:27  Hatchery  
  68  5:31  Extractor  
  65  5:36  Drone  
  65  5:37  Drone x5  
  65  5:40  Zergling x2  
  65  5:41  Zergling x14  
  79  5:45  Baneling Nest  
  78  5:53  Drone x3  
  78  5:54  Overlord  
  78  5:55  Overlord x3  
  81  6:06  Overlord x2  
  81  6:17  Drone x3  
  81  6:18  Drone x4  
  88  6:19  Zergling x12  
  88  6:24  Drone  
  94  6:32  Centrifugal Hooks  
  94  6:36  Zergling x14  
  94  6:38  Baneling x7  
  94  6:39  Baneling x4  
  101  6:41  Zergling x2  
  101  6:42  Zergling x4  
  104  6:52  Zergling x20  
  114  6:56  Overlord  
  114  6:57  Spore Crawler  
  114  7:00  Baneling x4  
  114  7:01  Baneling  
  113  7:04  Zergling x14  
  118  7:14  Zergling x18  
  125  7:18  Zerg Melee Weapons Level 2  
  125  7:20  Hydralisk Den  
  123  7:25  Drone x13  
  123  7:40  Zergling x2  
  123  7:41  Zergling x26  
  131  7:52  Hydralisk x4, Grooved Spines  
  131  7:53  Hydralisk  
  139  7:58  Extractor  
  139  8:00  Zergling x12  
  139  8:01  Zergling x12  
  149  8:05  Extractor  
  149  8:07  Extractor  
  137  8:15  Drone x4  
  137  8:16  Drone x3  
  140  8:21  Drone x10  
  144  8:29  Drone x10  
  144  8:32  Baneling  
  144  8:33  Baneling x5  
  154  8:39  Drone x2, Spine Crawler  
  155  8:45  Drone  
  155  8:46  Overlord  
  155  8:47  Overlord x4  
  156  8:50  Spore Crawler  
  156  8:53  Spine Crawler, Overlord  
  154  8:58  Overseer  
  154  8:59  Overseer  
  154  9:06  Hydralisk x8  
  154  9:08  Baneling  
  154  9:09  Baneling x2  
  170  9:11  Extractor  
  169  9:20  Muscular Augments  
  169  9:23  Extractor  
  167  9:24  Zergling x2  
  167  9:25  Zergling x32  
  181  9:40  Hydralisk x3  
  181  9:41  Zergling x26  
  199  9:52  Zerg Missile Weapons Level 1, Spine Crawler  
  197  9:57  Spine Crawler  
  196  10:00  Baneling  
  196  10:01  Baneling x11  
  196  10:02  Infestation Pit, Baneling x2  
  196  10:06  Extractor  
  194  10:09  Zergling x8  
  194  10:10  Zergling x4  
  200  10:14  Hatchery  
  200  10:18  Baneling x12  
  191  10:33  Hydralisk x4  
  191  10:34  Zergling x2  
  165  10:48  Zergling x10  
  165  10:49  Zergling x52  
  191  10:52  Hydralisk x3  
  191  10:53  Hydralisk x2  
  177  11:08  Zergling x18  
  183  11:16  Overseer  
  182  11:23  Baneling x21  
  182  11:24  Baneling  
  182  11:26  Hydralisk x2, Overlord x3  
  182  11:27  Zergling x6  
  182  11:29  Spine Crawler  
  168  11:46  Zergling x14  
  168  11:47  Zergling x14  
  181  11:52  Hydralisk  
  173  12:05  Drone x4  
  173  12:06  Drone x3  
  173  12:07  Drone  
  168  12:10  Hive  
  168  12:14  Hatchery  
  165  12:23  Hydralisk x3, Zergling x2  
  165  12:24  Zergling x6  
  165  12:26  Queen  
  165  12:27  Queen x3  
  176  12:41  Hatchery  
  176  12:44  Zerg Missile Weapons Level 2  
  175  12:46  Lurker Den  
  171  12:56  Baneling x8  
  171  12:57  Baneling, Zergling x28  
  171  12:58  Zergling x10  
  189  12:59  Baneling x2  
  189  13:00  Baneling x9  
  187  13:17  Drone x3  
  187  13:18  Hatchery  
  188  13:24  Overseer x2  
  188  13:26  Adrenal Glands  
  182  13:37  Baneling  
  182  13:38  Hydralisk x5, Baneling x4  
  174  13:57  Lurker x6  
  174  13:59  Seismic Spines  
  174  14:00  Overseer  
  180  14:07  Lurker x9  
  180  14:09  Zergling x2  
  190  14:10  Zergling x18  
  199  14:27  Unknown  
  197  14:40  Spine Crawler  
  197  14:41  Spine Crawler  
  197  14:42  Spore Crawler  
  197  14:44  Spine Crawler  
  192  14:48  Hydralisk  
  192  14:49  Hydralisk x2  
  196  14:56  Infestor x3, Adaptive Talons  
  189  15:00  Zerg Melee Weapons Level 3  
  189  15:06  Hydralisk x13  
  178  15:12  Zergling x16  
  178  15:13  Zergling x18  
  184  15:25  Hydralisk  
  184  15:26  Hydralisk x8  
  183  15:31  Baneling x2  
  183  15:32  Baneling x4  
  181  15:40  Hydralisk x3  
  181  15:41  Zergling x4  
  180  15:50  Lurker x2  
  180  15:54  Baneling x6  
  180  15:55  Zergling x22  
  191  15:58  Overlord  
  191  16:01  Spore Crawler, Extractor  
  191  16:03  Spine Crawler  
  184  16:08  Lurker x2  
  186  16:11  Spore Crawler  
  186  16:14  Baneling x3, Spore Crawler  
  186  16:15  Baneling x5  
  186  16:18  Lurker x2  
  184  16:25  Extractor  
  183  16:36  Evolution Chamber  
  178  16:53  Lurker  
  179  16:54  Spore Crawler  
  179  16:56  Ultralisk Cavern, Spore Crawler  
  179  16:57  Spore Crawler  
  179  16:58  Spore Crawler  
  174  17:02  Hydralisk x5, Zerg Ground Armor Level 1  
  174  17:03  Hydralisk x5  
  187  17:18  Hydralisk x4  
  195  17:25  Spore Crawler  
  195  17:27  Spore Crawler x2  
  195  17:28  Spore Crawler  
  191  17:30  Spore Crawler  
  191  17:36  Hydralisk, Overlord  
  191  17:37  Hydralisk x3  
  187  17:40  Spire, Zerg Missile Weapons Level 3  
  194  17:49  Zergling x4  
  193  18:04  Spine Crawler  
  192  18:10  Drone x3, Spore Crawler  
  193  18:13  Drone x3  
  193  18:15  Zergling x2  
  193  18:17  Baneling x7  
  197  18:25  Zergling x4  
  199  18:27  Chitinous Plating  
  199  18:41  Spire  
  195  18:44  Baneling x6  
  194  19:06  Spore Crawler  
  190  19:12  Zerg Ground Armor Level 2  
  190  19:14  Spore Crawler  
  190  19:15  Zerg Flyer Weapons Level 1, Corruptor, Spore Crawler  
  190  19:16  Corruptor x3  
  196  19:17  Viper  
  196  19:22  Hatchery  
  198  19:27  Hatchery  
  197  19:34  Pneumatized Carapace  
  197  19:35  Burrow  
  197  19:46  Anabolic Synthesis  
  197  19:52  Viper  
  199  20:12  Spore Crawler  
  199  20:13  Spore Crawler  
  199  20:14  Spore Crawler x2  
  195  20:17  Zerg Flyer Armor Level 1  
  195  20:19  Unknown  
  193  20:23  Hatchery  
  190  20:40  Extractor  
  190  20:41  Extractor  
  177  20:50  Ultralisk  
  177  20:51  Corruptor x6  
  177  20:54  Hatchery, Zergling x4  
  190  21:04  Corruptor x2  
  194  21:14  Drone x2  
  194  21:15  Drone x3  
  192  21:47  Ultralisk  
  192  21:56  Corruptor x2  
  192  21:57  Corruptor x2  
Show
View Real Time Build Order
Export as new Build Order

DisK Protoss - Winner!

Build Orders: 1 Gate Expand, Oracle Opening, Carriers, Zealot Archon 

Get SALT Encoding   

  12  0:00  Probe  
  13  0:12  Probe  
  14  0:18  Pylon  
  14  0:24  Probe  
  15  0:37  Gateway, Probe (Chrono Boost)  
  16  0:46  Assimilator, Probe (Chrono Boost)  
  17  0:51  Probe (Chrono Boost)  
  18  1:03  Probe  
  19  1:15  Probe  
  20  1:25  Nexus  
  20  1:32  Cybernetics Core  
  20  1:35  Probe  
  21  1:41  Assimilator  
  21  1:47  Probe  
  21  1:51  Pylon  
  22  1:59  Probe (Chrono Boost)  
  23  2:08  Adept (Chrono Boost)  
  23  2:10  Probe (Chrono Boost)  
  26  2:16  Stargate  
  26  2:17  Probe  
  27  2:23  Warp Gate  
  28  2:31  Probe (Chrono Boost)  
  28  2:32  Adept  
  30  2:37  Probe (Chrono Boost)  
  31  2:46  Probe (Chrono Boost)  
  31  2:48  Probe (Chrono Boost)  
  33  2:51  Probe (Chrono Boost)  
  33  2:56  Probe  
  35  3:01  Oracle  
  35  3:05  Probe  
  39  3:09  Gateway, Probe  
  40  3:14  Pylon  
  40  3:17  Probe (Chrono Boost)  
  43  3:28  Probe (Chrono Boost)  
  43  3:29  Probe (Chrono Boost)  
  43  3:33  Probe (Chrono Boost)  
  44  3:35  Probe (Chrono Boost)  
  44  3:38  Oracle  
  48  3:44  Nexus  
  48  3:45  Probe  
  49  3:49  Pylon  
  49  3:56  Assimilator x2  
  49  3:58  Probe (Chrono Boost)  
  49  4:02  Probe (Chrono Boost)  
  51  4:08  Probe (Chrono Boost)  
  53  4:12  Probe (Chrono Boost)  
  53  4:13  Probe (Chrono Boost)  
  54  4:18  Stalker  
  56  4:26  Adept, Shield Battery  
  56  4:28  Probe x2  
  60  4:34  Twilight Council  
  60  4:35  Robotics Facility, Forge  
  60  4:39  Pylon  
  60  4:42  Probe x2 (Chrono Boost)  
  62  4:55  Probe x2 (Chrono Boost)  
  64  5:02  Probe (Chrono Boost), Charge  
  66  5:07  Protoss Ground Weapons Level 1 (Chrono Boost)  
  66  5:08  Gateway x2, Probe (Chrono Boost)  
  66  5:09  Probe (Chrono Boost)  
  66  5:12  Probe (Chrono Boost)  
  67  5:15  Sentry x2  
  67  5:16  Probe x3 (Chrono Boost)  
  74  5:26  Observer, Pylon  
  74  5:27  Probe  
  74  5:28  Probe x2  
  78  5:39  Probe, Pylon  
  78  5:40  Probe x2  
  78  5:41  Assimilator x2  
  78  5:46  Gateway  
  78  5:47  Gateway  
  78  5:51  Probe  
  78  5:52  Probe x2, Pylon  
  81  5:58  Gateway  
  81  5:59  Gateway  
  81  6:00  Gateway  
  81  6:04  Warp Prism  
  81  6:08  Templar Archives  
  83  6:12  Pylon  
  83  6:24  Nexus  
  83  6:25  Pylon  
  83  6:29  Stalker  
  83  6:30  Zealot x2  
  89  6:37  Pylon  
  89  6:43  Probe x3  
  92  6:47  Photon Cannon  
  92  6:49  Psionic Storm, Shield Battery  
  92  6:53  High Templar x2  
  92  6:54  High Templar x4  
  100  6:57  Zealot x3  
  100  6:58  Archon x3  
  110  7:01  Protoss Ground Weapons Level 2 (Chrono Boost)  
  110  7:04  Photon Cannon  
  110  7:14  Photon Cannon  
  110  7:16  Shield Battery  
  110  7:19  Zealot x3  
  108  7:37  Gateway  
  108  7:39  Gateway  
  108  7:42  High Templar x4  
  108  7:44  Zealot x5  
  116  7:48  Archon  
  116  7:50  Photon Cannon  
  122  7:51  Photon Cannon  
  122  7:53  Shield Battery  
  122  7:56  Pylon  
  119  8:12  Nexus  
  113  8:13  Probe x2  
  113  8:14  Probe  
  113  8:15  High Templar x2  
  113  8:16  High Templar x2  
  124  8:20  Photon Cannon  
  124  8:23  Photon Cannon  
  124  8:25  High Templar  
  124  8:26  Shield Battery  
  116  8:29  Zealot x2  
  116  8:30  High Templar, Pylon  
  116  8:31  Zealot  
  116  8:33  Probe x2  
  126  8:35  Pylon  
  126  8:38  Archon  
  126  8:46  Immortal (Chrono Boost)  
  130  8:53  Shield Battery  
  130  8:55  Zealot x4  
  138  8:56  Shield Battery  
  138  9:05  Photon Cannon  
  138  9:07  Photon Cannon  
  138  9:12  Pylon  
  138  9:19  Zealot x5  
  138  9:22  Immortal (Chrono Boost)  
  152  9:27  Zealot x3  
  152  9:30  Zealot  
  155  9:47  Assimilator x2, High Templar x5  
  155  9:48  High Templar  
  159  9:53  Archon x2  
  159  9:54  Archon  
  159  10:00  Immortal  
  159  10:05  Fleet Beacon, Stargate  
  163  10:08  Photon Cannon  
  163  10:09  Shield Battery  
  163  10:10  Pylon  
  163  10:12  Probe x3  
  166  10:24  Zealot x7  
  166  10:38  Pylon  
  166  10:40  Observer, Pylon  
  162  10:56  Zealot x4  
  164  10:59  Archon  
  129  11:12  Stalker x2, Zealot x5  
  142  11:19  Probe x3 (Chrono Boost)  
  142  11:20  Probe (Chrono Boost)  
  142  11:21  Zealot  
  147  11:31  Probe x3 (Chrono Boost)  
  136  11:40  High Templar x4  
  136  11:41  Probe x4  
  136  11:42  High Templar x2  
  136  11:44  Pylon  
  152  11:55  Archon x2  
  152  11:56  Archon  
  152  12:00  High Templar  
  152  12:01  High Templar x3  
  152  12:11  Probe x4  
  152  12:13  Photon Cannon  
  152  12:15  Photon Cannon  
  156  12:16  Shield Battery  
  156  12:18  Shield Battery  
  156  12:19  Photon Cannon  
  156  12:21  Carrier (Chrono Boost)  
  156  12:25  Carrier (Chrono Boost)  
  153  12:37  Pylon  
  153  12:40  High Templar  
  153  12:42  Nexus  
  155  12:45  Pylon  
  155  12:57  Photon Cannon, Protoss Ground Weapons Level 3 (Chrono Boost)  
  150  12:59  Photon Cannon  
  150  13:00  Shield Battery  
  150  13:04  High Templar x2  
  154  13:09  Zealot x2  
  154  13:11  Protoss Air Weapons Level 1 (Chrono Boost)  
  157  13:16  Zealot x2  
  161  13:24  Carrier (Chrono Boost)  
  167  13:33  Pylon  
  167  13:39  Pylon  
  167  13:42  Zealot  
  167  13:46  Carrier (Chrono Boost)  
  167  13:55  Archon  
  154  13:58  Zealot x6  
  166  14:03  Photon Cannon  
  166  14:05  Shield Battery  
  166  14:07  High Templar x2  
  166  14:09  High Templar  
  172  14:13  High Templar x2  
  172  14:15  Probe  
  172  14:16  Probe x2  
  179  14:19  Probe x2  
  181  14:25  Zealot  
  181  14:42  Observer  
  175  14:55  Zealot x5  
  175  14:56  Zealot x2  
  171  15:07  Zealot x3  
  171  15:12  Archon  
  174  15:16  Zealot x6  
  148  15:29  Zealot x2  
  148  15:30  Zealot  
  152  15:40  High Templar x4  
  152  15:41  High Templar x2  
  154  15:55  Carrier x2 (Chrono Boost)  
  166  16:11  Assimilator  
  161  16:24  High Templar x3  
  161  16:25  High Templar  
  169  16:28  Archon x2  
  162  16:40  Assimilator  
  162  16:43  Protoss Air Weapons Level 2 (Chrono Boost), Probe x2  
  162  16:46  Pylon  
  164  16:49  Pylon  
  164  16:50  Pylon  
  164  16:52  Pylon  
  164  17:04  Probe x2  
  164  17:05  Pylon  
  164  17:08  Stalker  
  168  17:12  Zealot  
  170  17:17  Zealot x7  
  170  17:21  Pylon  
  183  17:32  Probe x3  
  183  17:34  Probe  
  185  17:50  High Templar x2  
  189  17:51  High Templar  
  189  17:52  High Templar x2  
  184  18:09  Warp Prism  
  184  18:11  Carrier (Chrono Boost)  
  182  18:14  Oracle (Chrono Boost)  
  191  18:24  Nexus  
  191  18:26  Pylon  
  191  18:39  Carrier (Chrono Boost)  
  195  18:59  Oracle (Chrono Boost)  
  195  19:00  Photon Cannon  
  195  19:04  Shield Battery  
  195  19:06  Shield Battery  
  195  19:07  Photon Cannon  
  195  19:08  Probe x2  
  195  19:09  Probe x2  
  176  19:10  Pylon  
  176  19:20  Probe  
  176  19:21  Probe x3  
  180  19:30  Observer  
  181  19:32  Zealot  
  181  19:35  Probe x4  
  185  19:52  High Templar x5  
  195  19:53  High Templar  
  195  19:56  Archon x2  
  195  19:58  Archon  
  197  20:06  Probe x4  
  199  20:08  Probe  
  198  20:30  Unknown  
  198  20:31  Probe x2  
  194  20:53  Archon  
  194  21:01  Zealot x3  
  200  21:23  Observer  
  200  21:29  Nexus  
  186  21:47  Zealot x7  
  200  21:54  Pylon  
Tags
 
Add a new tag
Caveats
  • Supply blocks, unpowered buildings, or Contaminate may cause inaccurate times.
  • Supply counts are checked every 10 seconds.